Map: Одиссея РВ

Players

ИИ 1 (новичок) - Winner!

  • Race: Terran Terran
  • Spawn Location: 5:00

Doll

  • Race: Zerg Zerg
  • Spawn Location: 11:00

VOD

Have the link to the VOD?

Description

Time

  • Played on: June 28, 2021, 5:59 p.m.
  • Length: 8:46
Show
View Real Time Build Order
Export as new Build Order

ИИ 1 (новичок) Terran - Winner!

Build Orders: Reaper Expand 

Get SALT Encoding   

  12  0:00  SCV  
  13  0:13  SCV  
  14  0:19  Supply Depot  
  14  0:46  Barracks  
  14  1:07  Command Center  
  14  1:33  Marine  
  14  1:34  Orbital Command, Supply Depot  
  14  1:38  Refinery  
  15  1:49  Refinery  
  15  2:00  SCV  
  16  2:12  SCV  
  17  2:18  Reaper  
  18  2:24  SCV  
  18  2:25  SCV  
  20  2:36  SCV  
  21  2:40  SCV  
  22  2:48  SCV  
  23  2:55  Refinery  
  23  2:58  SCV  
  24  2:59  Marine  
  24  3:05  SCV  
  26  3:12  SCV  
  27  3:17  Factory  
  27  3:19  SCV  
  28  3:40  Refinery  
  28  3:42  SCV, Marine  
  30  3:49  SCV  
  31  3:56  SCV  
  31  3:59  Supply Depot  
  32  4:03  SCV  
  32  4:04  Starport  
  33  4:11  SCV  
  34  4:18  SCV  
  35  4:24  Reaper  
  35  4:25  SCV  
  37  4:32  SCV  
  38  4:39  SCV  
  38  4:41  Starport Tech Lab  
  38  4:44  Supply Depot  
  39  4:46  SCV  
  40  4:53  SCV  
  41  5:00  Raven  
  41  5:01  SCV  
  41  5:06  Marine  
  45  5:08  SCV  
  46  5:15  SCV  
  47  5:22  SCV  
  48  5:43  Raven  
  48  5:48  Marine  
  51  6:30  Barracks Tech Lab  
  51  6:52  Marauder  
Show
View Real Time Build Order
Export as new Build Order

Doll Zerg 

Build Orders: Hatch First 

Get SALT Encoding   

  12  0:00  Drone  
  13  0:12  Overlord  
  13  0:17  Drone  
  14  0:31  Drone x2  
  16  0:51  Hatchery  
  16  0:53  Drone  
  16  1:02  Extractor  
  15  1:14  Drone, Spawning Pool  
  15  1:18  Drone  
  16  1:22  Drone  
  17  1:26  Drone  
  18  1:36  Drone  
  19  1:47  Overlord  
  19  2:02  Queen  
  19  2:03  Zergling x2  
  19  2:04  Zergling x2  
  19  2:07  Queen  
  25  2:11  Drone  
  26  2:26  Extractor  
  26  2:28  Drone  
  26  2:29  Drone x2  
  28  2:36  Zergling x4  
  30  2:42  Spine Crawler  
  29  2:47  Drone x2  
  31  2:53  Drone  
  31  2:55  Lair  
  32  2:59  Drone  
  32  3:03  Drone  
  34  3:08  Overlord  
  34  3:11  Drone  
  35  3:14  Drone  
  36  3:21  Overlord  
  36  3:27  Queen  
  36  3:33  Drone  
  40  3:34  Drone  
  40  3:36  Drone  
  40  3:40  Drone  
  43  3:41  Drone  
  43  3:44  Drone  
  43  3:48  Metabolic Boost  
  44  4:00  Roach Warren  
  44  4:01  Queen  
  45  4:09  Drone x3  
  48  4:11  Drone  
  49  4:18  Baneling Nest  
  49  4:20  Drone  
  49  4:22  Drone, Hydralisk Den  
  49  4:24  Drone  
  49  4:27  Drone  
  49  4:30  Overlord  
  51  4:42  Spire  
  50  4:51  Drone  
  50  4:52  Drone  
  52  4:54  Drone  
  52  4:55  Hatchery  
  52  4:58  Extractor  
  51  5:00  Extractor  
  51  5:02  Drone x2  
  51  5:04  Queen  
  54  5:07  Drone  
  54  5:10  Overlord  
  54  5:13  Overseer  
  55  5:15  Overseer  
  55  5:18  Roach  
  55  5:19  Roach  
  59  5:29  Drone x5  
  59  5:30  Drone  
  59  5:33  Pneumatized Carapace  
  65  5:37  Overlord  
  65  5:40  Overlord  
  65  5:48  Drone x2  
  65  5:49  Drone  
  68  5:54  Overlord x2  
  68  5:57  Drone x2  
  68  6:02  Roach  
  68  6:04  Roach  
  74  6:08  Queen  
  74  6:10  Queen  
  78  6:12  Roach  
  78  6:15  Roach  
  78  6:18  Drone x2  
  84  6:20  Drone  
  84  6:21  Drone  
  84  6:22  Drone  
  84  6:24  Drone  
  88  6:34  Evolution Chamber  
  88  6:37  Drone x4  
  88  6:38  Drone, Evolution Chamber  
  91  6:41  Evolution Chamber  
  91  6:47  Infestation Pit  
  89  7:24  Hive  
Tags
 
Add a new tag
Caveats
  • Supply blocks, unpowered buildings, or Contaminate may cause inaccurate times.
  • Supply counts are checked every 10 seconds.